[ AOE2 MATCH · #505055688 ]
UnrankedMalay vs Portuguese
Player's team · WIN
Rival team · LOSS
[ REPLAY ANALYSIS · EXTRACTED FROM THE RECORDED GAME ]
Feudal
9:38
Castle
18:21
Imperial
32:34
| APM avg | 130.1 |
| APM peak | 205 |
| eAPM avg | 77.3 |
| Villagers / military | 190 / 312 |
Focus
⚔️ 71.5% · 🌾 28.5%
Karambit Warrior ×124 · Archer ×122 · Skirmisher ×45 · Mangonel ×12 · Monk ×4 · Trebuchet (Packed) ×4
Feudal
9:14
Castle
19:06
Imperial
36:28
| APM avg | 89.1 |
| APM peak | 140 |
| eAPM avg | 50.0 |
| Villagers / military | 193 / 218 |
Focus
⚔️ 67.2% · 🌾 32.8%
Skirmisher ×154 · Hand Cannoneer ×33 · Mangonel ×13 · Scout Cavalry ×7 · Trebuchet (Packed) ×4 · Bombard Cannon ×3
Match map
Initial resources + every placement click. Lines = walls · curves = elevation contours. ◆ gold · ⬟ stone · ● berries · ✦ relic · ◌ wall gap
Your base· Open — 5t gap
Shulk's base· ✓ Closed at 19:06 · 37t walls · 1 gate(s)
Smoothed initial terrain · ◌ = detected wall gap · hover for details
Inputs per minute
— VIT | Hera - - Shulk
Build order — VIT | Hera
First 150 of 550 actions detected
| 0:00 | Create | Villager (Male) |
| 0:00 | Create | Villager (Male) |
| 0:01 | Build | House |
| 0:02 | Build | House |
| 0:07 | Create | Villager (Male) |
| 0:07 | Create | Villager (Male) |
| 1:24 | Create | Villager (Male) |
| 2:03 | Create | Villager (Male) |
| 2:13 | Build | Lumber Camp |
| 2:14 | Create | Villager (Male) |
| 2:14 | Create | Villager (Male) |
| 2:38 | Create | Villager (Male) |
| 2:49 | Create | Villager (Male) |
| 2:49 | Create | Villager (Male) |
| 3:41 | Create | Villager (Male) |
| 3:51 | Build | House |
| 3:51 | Build | House |
| 3:55 | Build | House |
| 4:06 | Create | Villager (Male) |
| 4:08 | Create | Villager (Male) |
| 4:08 | Create | Villager (Male) |
| 4:44 | Build | Mill |
| 4:58 | Create | Villager (Male) |
| 4:58 | Create | Villager (Male) |
| 5:11 | Create | Villager (Male) |
| 5:35 | Create | Villager (Male) |
| 5:37 | Build | House |
| 5:45 | Create | Villager (Male) |
| 5:47 | Create | Villager (Male) |
| 5:47 | Create | Villager (Male) |
| 5:48 | Create | Villager (Male) |
| 6:22 | Create | Villager (Male) |
| 6:39 | Create | Villager (Male) |
| 6:40 | Create | Villager (Male) |
| 6:40 | Create | Villager (Male) |
| 6:40 | Create | Villager (Male) |
| 7:01 | Create | Villager (Male) |
| 7:02 | Create | Villager (Male) |
| 7:55 | Research | Loom |
| 8:14 | Research | Feudal Age |
| 8:34 | Build | Barracks |
| 9:15 | Build | House |
| 9:32 | Create | Villager (Male) |
| 9:38 | Age | Feudal Age |
| 9:41 | Research | Double-Bit Axe |
| 9:41 | Research | Double-Bit Axe |
| 9:57 | Create | Villager (Male) |
| 10:01 | Build | Mining Camp |
| 10:08 | Build | Archery Range |
| 10:22 | Create | Villager (Male) |
| 10:24 | Build | Palisade Wall |
| 10:34 | Build | Farm |
| 10:51 | Create | Villager (Male) |
| 11:02 | Create | Archer |
| 11:04 | Build | House |
| 11:06 | Build | Palisade Wall |
| 11:10 | Build | Farm |
| 11:11 | Create | Villager (Male) |
| 11:20 | Create | Spearman |
| 11:24 | Create | Villager (Male) |
| 11:34 | Create | Villager (Male) |
| 11:38 | Create | Archer |
| 11:39 | Build | Farm |
| 11:41 | Build | Farm |
| 12:01 | Build | House |
| 12:02 | Build | Palisade Wall |
| 12:02 | Build | Palisade Wall |
| 12:04 | Build | Palisade Wall |
| 12:04 | Build | Palisade Wall |
| 12:08 | Build | Farm |
| 12:13 | Create | Villager (Male) |
| 12:27 | Build | House |
| 12:29 | Build | Palisade Wall |
| 12:34 | Create | Villager (Male) |
| 12:38 | Create | Villager (Male) |
| 12:41 | Create | Archer |
| 12:44 | Build | Palisade Wall |
| 12:45 | Build | Palisade Wall |
| 12:47 | Build | Palisade Wall |
| 12:47 | Create | Villager (Male) |
| 12:54 | Create | Villager (Male) |
| 12:56 | Create | Villager (Male) |
| 13:01 | Create | Villager (Male) |
| 13:02 | Build | Farm |
| 13:03 | Create | Villager (Male) |
| 13:04 | Build | Farm |
| 13:05 | Create | Archer |
| 13:19 | Build | Palisade Wall |
| 13:19 | Build | Palisade Wall |
| 13:20 | Build | Palisade Wall |
| 13:21 | Create | Villager (Male) |
| 13:27 | Build | Farm |
| 13:28 | Build | Farm |
| 13:34 | Build | Farm |
| 13:56 | Create | Archer |
| 14:02 | Create | Archer |
| 14:07 | Build | Farm |
| 14:19 | Build | House |
| 14:25 | Build | House |
| 14:44 | Build | Farm |
| 14:59 | Create | Archer |
| 15:29 | Build | Lumber Camp |
| 15:40 | Create | Archer |
| 15:51 | Build | House |
| 15:55 | Create | Villager (Male) |
| 16:18 | Build | Blacksmith |
| 16:19 | Create | Villager (Male) |
| 16:41 | Research | Gold Mining |
| 16:41 | Research | Gold Mining |
| 16:44 | Create | Archer |
| 16:44 | Create | Archer |
| 16:44 | Create | Archer |
| 16:45 | Research | Castle Age |
| 16:45 | Research | Castle Age |
| 17:20 | Build | Archery Range |
| 17:25 | Create | Archer |
| 17:29 | Build | House |
| 18:00 | Create | Villager (Male) |
| 18:00 | Create | Archer |
| 18:04 | Create | Villager (Male) |
| 18:18 | Create | Archer |
| 18:19 | Research | Horse Collar |
| 18:19 | Research | Horse Collar |
| 18:21 | Age | Castle Age |
| 18:24 | Research | Bow Saw |
| 18:24 | Research | Bow Saw |
| 18:25 | Research | Fletching |
| 18:31 | Create | Archer |
| 18:42 | Create | Villager (Male) |
| 18:46 | Build | Farm |
| 18:47 | Build | Farm |
| 18:54 | Research | Crossbowman (upgrade) |
| 18:54 | Research | Crossbowman (upgrade) |
| 18:59 | Create | Archer |
| 18:59 | Create | Archer |
| 19:04 | Create | Villager (Male) |
| 19:20 | Build | House |
| 19:21 | Build | House |
| 19:37 | Create | Villager (Male) |
| 19:41 | Build | Farm |
| 19:49 | Create | Archer |
| 19:49 | Create | Archer |
| 20:00 | Create | Villager (Male) |
| 20:11 | Research | Bodkin Arrow |
| 20:14 | Build | Siege Workshop |
| 20:15 | Create | Archer |
| 20:15 | Create | Archer |
| 20:18 | Build | Farm |
| 20:24 | Create | Villager (Male) |
| 20:46 | Create | Archer |
Build order — Shulk
First 150 of 653 actions detected
| 0:00 | Create | Villager (Male) |
| 0:00 | Create | Villager (Male) |
| 0:01 | Create | Villager (Male) |
| 0:02 | Build | House |
| 0:02 | Build | House |
| 0:03 | Create | Villager (Male) |
| 1:24 | Create | Villager (Male) |
| 2:09 | Create | Villager (Male) |
| 2:19 | Create | Villager (Male) |
| 2:20 | Create | Villager (Male) |
| 2:21 | Build | Lumber Camp |
| 2:31 | Create | Villager (Male) |
| 3:02 | Create | Villager (Male) |
| 3:35 | Create | Villager (Male) |
| 3:53 | Build | House |
| 3:56 | Build | House |
| 4:02 | Create | Villager (Male) |
| 4:25 | Create | Villager (Male) |
| 4:25 | Create | Villager (Male) |
| 4:31 | Build | Palisade Wall |
| 4:31 | Build | Palisade Wall |
| 4:32 | Build | Palisade Wall |
| 4:37 | Build | Palisade Wall |
| 4:49 | Create | Villager (Male) |
| 5:25 | Create | Villager (Male) |
| 5:33 | Create | Villager (Male) |
| 5:45 | Create | Villager (Male) |
| 5:51 | Build | Mill |
| 6:28 | Research | Loom |
| 6:51 | Build | Palisade Wall |
| 6:52 | Build | Palisade Wall |
| 6:55 | Build | Palisade Wall |
| 7:00 | Research | Feudal Age |
| 7:22 | Build | House |
| 7:33 | Build | Palisade Wall |
| 7:34 | Build | Palisade Wall |
| 8:15 | Build | Barracks |
| 8:53 | Create | Villager (Male) |
| 9:14 | Age | Feudal Age |
| 9:16 | Build | Stable |
| 9:17 | Create | Spearman |
| 9:21 | Research | Double-Bit Axe |
| 9:22 | Create | Villager (Male) |
| 9:30 | Create | Villager (Male) |
| 9:45 | Create | Villager (Male) |
| 9:53 | Create | Villager (Male) |
| 9:57 | Build | Farm |
| 9:58 | Build | Farm |
| 9:59 | Create | Villager (Male) |
| 10:02 | Create | Scout Cavalry |
| 10:02 | Create | Scout Cavalry |
| 10:07 | Build | Palisade Gate |
| 10:08 | Build | Palisade Wall |
| 10:08 | Build | Palisade Wall |
| 10:19 | Create | Villager (Male) |
| 10:23 | Build | Palisade Wall |
| 10:35 | Create | Villager (Male) |
| 10:39 | Build | House |
| 10:42 | Build | Farm |
| 10:54 | Create | Villager (Male) |
| 10:56 | Build | Farm |
| 11:07 | Create | Scout Cavalry |
| 11:07 | Create | Scout Cavalry |
| 11:10 | Create | Villager (Male) |
| 11:18 | Build | Farm |
| 11:25 | Create | Villager (Male) |
| 11:40 | Create | Scout Cavalry |
| 11:40 | Create | Scout Cavalry |
| 11:45 | Build | Farm |
| 11:45 | Create | Villager (Male) |
| 11:56 | Build | Farm |
| 11:57 | Build | Farm |
| 12:08 | Create | Villager (Male) |
| 12:12 | Create | Villager (Male) |
| 12:32 | Build | Farm |
| 12:33 | Build | Farm |
| 12:36 | Build | Farm |
| 12:42 | Create | Villager (Male) |
| 12:43 | Build | Farm |
| 12:45 | Build | Farm |
| 12:49 | Create | Scout Cavalry |
| 12:51 | Create | Villager (Male) |
| 13:12 | Create | Villager (Male) |
| 13:14 | Build | Mining Camp |
| 13:22 | Build | Mining Camp |
| 13:30 | Create | Villager (Male) |
| 13:38 | Build | Farm |
| 13:40 | Create | Villager (Male) |
| 13:52 | Build | House |
| 13:56 | Research | Wheelbarrow |
| 14:04 | Create | Villager (Male) |
| 14:20 | Create | Villager (Male) |
| 14:22 | Build | Archery Range |
| 14:42 | Create | Villager (Male) |
| 14:51 | Create | Villager (Male) |
| 15:19 | Build | Blacksmith |
| 15:20 | Build | Palisade Wall |
| 15:46 | Build | Farm |
| 16:03 | Build | House |
| 16:26 | Research | Castle Age |
| 16:32 | Build | House |
| 16:32 | Build | House |
| 16:38 | Build | House |
| 16:39 | Build | House |
| 16:41 | Build | House |
| 16:47 | Build | House |
| 16:47 | Build | House |
| 16:53 | Create | Skirmisher |
| 16:53 | Create | Skirmisher |
| 17:13 | Build | Lumber Camp |
| 17:19 | Create | Skirmisher |
| 17:20 | Create | Skirmisher |
| 17:21 | Research | Fletching |
| 17:42 | Create | Skirmisher |
| 17:45 | Research | Padded Archer Armor |
| 18:06 | Build | Archery Range |
| 18:10 | Create | Skirmisher |
| 18:12 | Create | Villager (Male) |
| 18:37 | Research | Horse Collar |
| 18:43 | Create | Skirmisher |
| 19:06 | Age | Castle Age |
| 19:07 | Research | Bodkin Arrow |
| 19:09 | Research | Leather Archer Armor |
| 19:10 | Create | Villager (Male) |
| 19:12 | Research | Bow Saw |
| 19:24 | Research | Elite Skirmisher (upgrade) |
| 19:26 | Create | Skirmisher |
| 19:30 | Create | Villager (Male) |
| 19:31 | Create | Villager (Male) |
| 19:31 | Create | Villager (Male) |
| 19:37 | Create | Villager (Male) |
| 19:51 | Create | Villager (Male) |
| 19:53 | Create | Skirmisher |
| 19:53 | Create | Skirmisher |
| 19:57 | Create | Villager (Male) |
| 20:10 | Create | Skirmisher |
| 20:11 | Create | Villager (Male) |
| 20:19 | Research | Leather Archer Armor |
| 20:26 | Create | Villager (Male) |
| 20:34 | Create | Skirmisher |
| 20:37 | Create | Villager (Male) |
| 20:48 | Create | Skirmisher |
| 20:49 | Create | Villager (Male) |
| 20:50 | Create | Skirmisher |
| 20:50 | Create | Skirmisher |
| 20:51 | Create | Villager (Male) |
| 21:02 | Create | Skirmisher |
| 21:16 | Create | Villager (Male) |
| 21:20 | Create | Skirmisher |
| 21:20 | Create | Skirmisher |
Match timeline
| 4:31 | Shulk · wall_segment Palisade Wall x1 |
| 4:31 | Shulk · wall_segment Palisade Wall x1 |
| 4:32 | Shulk · wall_segment Palisade Wall x1 |
| 4:37 | Shulk · wall_segment Palisade Wall x1 |
| 6:51 | Shulk · wall_segment Palisade Wall x3 |
| 6:52 | Shulk · wall_segment Palisade Wall x2 |
| 6:55 | Shulk · wall_segment Palisade Wall x10 |
| 7:33 | Shulk · wall_segment Palisade Wall x1 |
| 7:34 | Shulk · wall_segment Palisade Wall x1 |
| 8:15 | Shulk · first_building Barracks |
| 8:34 | VIT | Hera · first_building Barracks |
| 9:14 | Shulk · age_up feudal |
| 9:16 | Shulk · first_building Stable |
| 9:38 | VIT | Hera · age_up feudal |
| 10:08 | VIT | Hera · first_building Archery Range |
| 10:08 | Shulk · wall_segment Palisade Wall x1 |
| 10:08 | Shulk · wall_segment Palisade Wall x1 |
| 10:23 | Shulk · wall_segment Palisade Wall x13 |
| 10:24 | VIT | Hera · wall_segment Palisade Wall x13 |
| 11:06 | VIT | Hera · wall_segment Palisade Wall x7 |
| 12:02 | VIT | Hera · wall_segment Palisade Wall x1 |
| 12:02 | VIT | Hera · wall_segment Palisade Wall x1 |
| 12:04 | VIT | Hera · wall_segment Palisade Wall x1 |
| 12:04 | VIT | Hera · wall_segment Palisade Wall x1 |
| 12:29 | VIT | Hera · wall_segment Palisade Wall x1 |
| 12:44 | VIT | Hera · wall_segment Palisade Wall x1 |
| 12:45 | VIT | Hera · wall_segment Palisade Wall x1 |
| 12:47 | VIT | Hera · wall_segment Palisade Wall x1 |
| 13:19 | VIT | Hera · wall_segment Palisade Wall x1 |
| 13:19 | VIT | Hera · wall_segment Palisade Wall x1 |
| 13:20 | VIT | Hera · wall_segment Palisade Wall x1 |
| 14:22 | Shulk · first_building Archery Range |
| 15:20 | Shulk · wall_segment Palisade Wall x1 |
| 18:21 | VIT | Hera · age_up castle |
| 19:06 | Shulk · age_up castle |
| 20:14 | VIT | Hera · first_building Siege Workshop |
| 23:25 | Shulk · first_building Siege Workshop |
| 28:21 | VIT | Hera · first_building Monastery |
| 29:05 | VIT | Hera · first_building Stable |
| 32:34 | VIT | Hera · age_up imperial |
| 33:08 | Shulk · first_market_sell 100 wood |
| 33:10 | Shulk · first_market_buy 100 food |
| 34:20 | VIT | Hera · first_market_sell 100 food |
| 34:59 | VIT | Hera · first_building Castle |
| 35:44 | Shulk · first_building Monastery |
| 36:28 | Shulk · age_up imperial |
| 36:49 | VIT | Hera · wall_segment Palisade Wall x1 |
| 36:50 | VIT | Hera · wall_segment Palisade Wall x1 |
| 36:50 | VIT | Hera · wall_segment Palisade Wall x1 |
| 37:12 | Shulk · first_building Castle |
| 37:54 | VIT | Hera · wall_segment Stone Wall x14 |
| 37:56 | VIT | Hera · wall_segment Stone Wall x3 |
| 38:06 | VIT | Hera · wall_segment Stone Wall x13 |
| 38:12 | VIT | Hera · wall_segment Stone Wall x9 |
| 38:37 | VIT | Hera · wall_segment Stone Wall x1 |
| 46:15 | VIT | Hera · first_market_buy 500 wood |
| 47:39 | Shulk · resign |
[ AI ANALYSIS · 1 CREDIT ]
What really happened in this match?
Wolo.gg analyzes every decision: build order, eco, micro, common mistakes by bracket. Personalized analysis on WhatsApp or Discord in 30 seconds.
Civ guide
Malay
Perfil
Hera